 Dungeon Crawl Stone Soup version 0.28.0-45-g0d030f2227 (webtiles) character file.

Game seed: 5915833847680837358

9926 zeratav the Martial Artist (level 11, -10/91 HPs)
             Began as an Octopode Transmuter on Apr 12, 2022.
             Was an Initiate of Ashenzari.
             Killed by divine providence
             ... invoked by an orc high priest
              (14 damage)
             ... on level 2 of the Orcish Mines.
             The game lasted 00:59:58 (18110 turns).

zeratav the Martial Artist (Octopode Transmuter)   Turns: 18110, Time: 00:59:58

Health: -10/91     AC: 12    Str: 11    XL:     11   Next: 54%
Magic:  14/14      EV: 13    Int: 21    God:    Ashenzari [......]
Gold:   813        SH:  5    Dex: 16    Spells: 7/14 levels left

rFire   . . .      SeeInvis .     - Unarmed
rCold   + + +      Faith    .   (shield currently unavailable)
rNeg    . . .      Spirit   .   (helmet currently unavailable)
rPois   +          Reflect  +   a - amulet of reflection
rElec   .          Harm     .   i - +4 ring of protection
rCorr   .          Rampage  .   n - +6 ring of intelligence
Will    +....                   E - ring of Shadows {Umbra +Inv Stlth+}
Stlth   ++++++....              c - ring of the Unveiling Lethargy {rF+ Will+, Melee, Self} (curse)
HPRegen 0.25/turn               (no ring)
MPRegen 0.14/turn               (no ring)
                                (no ring)
                                (no ring)

@: ice-form (expiring), wreathed by umbra
A: freezing attack, boosted hp, almost no armour, amphibious, 8 rings, large,
(camouflage 1), (gelatinous body 1), (nimble swimmer 1), (tentacles)
a: End Transformation, Renounce Religion, Evoke Invisibility, Shatter the Chains


You were on level 2 of the Orcish Mines.
You worshipped Ashenzari.
Ashenzari was noncommittal.
You were a creature of crystalline ice.
You visited 3 branches of the dungeon, and saw 12 of its levels.
You also visited: Ossuary.

You collected 1839 gold pieces.
You spent 1026 gold pieces at shops.


Innate Abilities, Weirdness & Mutations

You are a creature of crystalline ice.
You have a powerful freezing melee attack.
Your maximum health is increased.
Your armour is entirely melded.
You are incapable of wielding weapons or throwing items.
You cannot wear most types of armour.
You are amphibious.
You can wear up to eight rings at the same time.
((Your skin changes colour to match your surroundings (Stealth+).))
((Your rubbery body absorbs attacks. (AC +1, EV +1)))
((You are camouflaged when in or above water. (Stealth+)))
((You have tentacles for arms and can constrict up to eight enemies at once.))


   Skills:
 + Level 7.2(7.6) Fighting
 + Level 7.4 Dodging
 + Level 6.2 Stealth
 + Level 1.7 Shields
 * Level 10.8(11.2) Unarmed Combat
 - Level 2.0(2.3) Spellcasting
 + Level 6.6 Transmutations
 + Level 6.0 Ice Magic
 * Level 3.2 Evocations


You had 7 spell levels left.
You knew the following spells:

 Your Spells              Type           Power      Damage    Failure   Level
b - Spider Form           Tmut/Pois      16%        N/A       11%         3
c - Ice Form              Ice/Tmut       28%        N/A       11%         4

Your spell library contained the following spells:

 Spells                   Type           Power      Damage    Failure   Level
 Beastly Appendage        Tmut           60%        N/A       1%          1
 Wereblood                Tmut           30%        N/A       1%          2
 Animate Skeleton         Necr           4%         N/A       14%         1
 Apportation              Tloc           4%         N/A       14%         1
 Summon Small Mammal      Summ           8%         N/A       14%         1
 Tukima's Dance           Hex            2%         N/A       41%         3
 Anguish                  Hex/Necr       1%         N/A       82%         4
 Summon Forest            Summ/Tloc      1%         N/A       99%         5
 Summon Mana Viper        Hex/Summ       2%         N/A       99%         5
 Summon Cactus Giant      Summ           1%         N/A       100%        6
 Enfeeble                 Hex            1%         N/A       100%        7

Inventory:

Hand Weapons
 l - a +2 trident of protection (melded) {polearm}
   (You took it off a gnoll sergeant on level 7 of the Dungeon)
Missiles
 B - 3 curare-tipped darts {=fthrowing}
 D - 4 silver boomerangs {throwing}
Armour
 C - a +1 tower shield
   (You found it on level 8 of the Dungeon)
Jewellery
 a - an amulet of reflection (around neck)
   (You found it on level 1 of the Dungeon)
 c - the cursed ring of the Unveiling Lethargy (on tentacle) {rF+ Will+, Melee, Self}
   (You bought it in a shop on level 6 of the Dungeon)

   [ring of willpower]

   rF:        It protects you from fire.
   Will:      It increases your willpower.
   It has a curse which improves the following skills: Melee Combat: Short
   Blades, Long Blades, Axes, Maces & Flails, Polearms, Staves and Unarmed
   Combat.
   Introspection: Fighting and Spellcasting.
 i - a +4 ring of protection (left front paw)
   (You found it on level 3 of the Dungeon)
 n - a +6 ring of intelligence (right front paw)
   (You found it on level 3 of the Dungeon)
 E - the ring of Shadows (on tentacle) {Umbra +Inv Stlth+}
   (You bought it in a shop on level 6 of the Dungeon)

   [ring of stealth]

   It surrounds you with an aura of shadow, increasing your stealth and reducing
   the accuracy of all others within it.
   +Inv:      It lets you turn invisible.
   Stlth:     It makes you more stealthy.
Wands
 e - a wand of paralysis (4)
   (You found it on level 9 of the Dungeon)
 o - a wand of flame (16)
   (You found it on level 4 of the Dungeon)
 q - a wand of digging (3)
   (You took it off Edmund on level 4 of the Dungeon)
 A - a wand of polymorph (3)
   (You found it on level 9 of the Dungeon)
Scrolls
 b - 5 scrolls of teleportation {@r4}
 d - 3 scrolls of enchant weapon
 f - 2 scrolls of summoning
 g - a scroll of blinking {!r}
 k - a scroll of amnesia
 s - 2 scrolls of immolation {!r!r}
 t - a scroll of fear
 y - a scroll of identify {@r1}
Potions
 h - 8 potions of attraction {!q}
 j - 2 potions of invisibility {unknown}
 m - 5 potions of curing {@q1}
 p - 2 potions of flight
 r - 2 potions of ambrosia {unknown}
 u - a potion of brilliance {unknown}
 v - a potion of lignification {unknown}
 w - 3 potions of might
 x - a potion of mutation {unknown}
 z - a potion of heal wounds {unknown}

Dungeon Overview and Level Annotations

Branches:
Dungeon (9/15)             Temple (1/1) D:7            Lair (0/6) D:8
    Orc (2/2) D:9             Elf (0/3) Orc:2       Ossuary (visited)

Altars:
Ashenzari
Cheibriados
Dithmenos
Fedhas
Gozag
Hepliaklqana
Kikubaaqudgha
Makhleb
Nemelex Xobeh
Okawaru
Qazlal
Ru
Sif Muna
Trog
Uskayaw
Vehumet
Wu Jian
Xom
Yredelemnul
Zin
The Shining One
Lugonu

Shops:
D:1 ?   D:3 [   D:6 ==*   Orc:2 :*

Annotations:
D:2 1 runed translucent door, Crazy Yiuf
D:5 1 runed translucent door, AverageBear's ghost, amateur DDFi
D:8 !super snail, Gastronok

##.## ##....... ##...# ...##
##...... ## #....### ##....###
##...... .####......## #.......#
#....... ..##........#
##.......####......
.####.......###.......##.###.....
...................#.............
...................##............
.........#......Y..<#........#...
.....##.#o...4...#.##........####
.......###.......###..........###
.......#...........#...........#.
.......#.........................
#............#...........####....
##.#.......####......##.## #....
######.....# ##.....#.## #.....
#.....## ####.### ##...#


You could see an orc high priest and an orange demon (summoned).


Message History

MP[+1]
You hit the orc high priest but do no damage.
You hit the orc high priest. You freeze the orc high priest.
The orc high priest hits you with a +0 halberd.
HP[-5]
You take 5 damage, and now have 65/91 hp.
You hit the orc high priest but do no damage.
You block the orc's attack.
The orc high priest hits you but does no damage.
You barely miss the orc high priest.
An orc comes into view. It is wielding a +0 war axe.
You block the orc's attack.
The orc high priest hits you but does no damage.
You barely miss the orc high priest. The orc barely misses you.
The orc high priest closely misses you.
You barely miss the orc. The orc hits you but does no damage.
You pummel the orc!! You freeze the orc.
You kill the orc!
The orc high priest mumbles some strange prayers to Beogh against you.
You easily resist.
HP[+1]
An orc comes into view.
It is wielding a +1 morningstar of flaming.
The orc high priest whispers, "I'll spare you if you take my job."
The orc high priest prays to Beogh.
You see here a +0 club {mace}.
You barely miss the orc high priest.
The orc high priest hits you with a +0 halberd.
HP[-5] MP[+1]
You take 5 damage, and now have 61/91 hp.
You punch the orc high priest! You freeze the orc high priest.
The red devil hits you but does no damage.
The orc high priest hits you with a +0 halberd!
HP[-10]
You take 10 damage, and now have 51/91 hp.
You hit the orc high priest but do no damage.
The smoke demon hits you but does no damage.
The smoke demon misses you. The smoke demon barely misses you.
The red devil hits you from afar with a +0 trident.
Barbed spikes become lodged in your body.
The orc throws a boomerang.
The boomerang hits you but does no damage.
The orc high priest hits you but does no damage.
HP[-4]
You take 4 damage, and now have 47/91 hp.
You punch the orc high priest! You freeze the orc high priest.
The smoke demon hits you but does no damage. x2
The smoke demon barely misses you. The red devil misses you.
HP[+1]
You punch the orc high priest! You freeze the orc high priest.
The red devil hits you from afar with a +0 trident!
* * * LOW HITPOINT WARNING * * *
Barbed spikes become lodged in your body.
The smoke demon hits you but does no damage. x3
HP[-14]
You take 14 damage, and now have 34/91 hp.
Blink to where?
Press: ? - help, Q - select action, (/) - cycle Dir - move target
As you read the scroll of blinking {!r}, it crumbles to dust.
The barbs in your skin will harm you if you move.
Continue?
Uppercase [Y]es or [N]o only, please.
The barbs in your skin will harm you if you move.
Continue?
The barbed spikes dig painfully into your body as you move.
* * * LOW HITPOINT WARNING * * *
HP[-7]
You take 7 damage, and now have 27/91 hp.
The barbed spikes dig painfully into your body as you move.
* * * LOW HITPOINT WARNING * * *
HP[-5]
You take 5 damage, and now have 22/91 hp.
MP[+1] HP[+1]
You hit the orc. You freeze the orc.
You carefully extract the barbed spikes from your body.
You punch the orc! You freeze the orc.
You kill the orc!
You punch the orc high priest! You freeze the orc high priest.
The orc high priest calls down the wrath of Beogh upon you.
Pain shoots through your body!
* * * LOW HITPOINT WARNING * * *
HP[-13]
You take 13 damage, and now have 10/91 hp.
Blink to where?
Press: ? - help, Q - select action, (/) - cycle Dir - move target
As you read the scroll of blinking {!r}, it crumbles to dust.
The orc high priest prays to Beogh.
The red devil disappears in a puff of smoke!
HP[+1] MP[+1]
Your mp is fully restored (14).
HP[+1] HP[+1] HP[+1]
The orc high priest calls down the wrath of Beogh upon you.
Beogh smites you!
* * * LOW HITPOINT WARNING * * *
HP[-11]
You take 11 damage, and now have 3/91 hp.
Your transformation is almost over.
The orc high priest calls down the wrath of Beogh upon you.
Beogh smites you!
You die...

Skill      XL: |  1  2  3  4  5  6  7  8  9 10 11 |
---------------+----------------------------------+-----
Stealth        | 1 2 3 4 5 6 |  6.2
Fighting       | 2 3 4 5 6 7 |  7.2
Unarmed Combat | 4 5 6 7 8 10 | 10.8
Dodging        | 3 4 5 6 7 |  7.4
Ice Magic      | 2 4 5 6 |  6.0
Transmutations | 3 4 6 |  6.6
Evocations     | 3 |  3.2
Shields        | 1 |  1.7
Spellcasting   | |  2.0

Action                   |  1- 3 |  4- 6 |  7- 9 | 10-12 || total
-------------------------+-------+-------+-------+-------++-------
Melee: Unarmed           |    88 |    17 |   330 |   278 ||   713
       Constrict         |    28 |    27 |    19 |       ||    74
       Kick              |    23 |    20 |       |       ||    43
       Tentacles         |    10 |    15 |    26 |       ||    51
       Short sword       |     3 |    98 |    57 |       ||   158
       Punch             |     2 |     2 |     4 |       ||     8
       Trident           |       |       |     2 |     1 ||     3
 Cast: Beastly Appendage |    24 |    21 |       |       ||    45
       Spider Form       |       |     2 |    51 |    26 ||    79
       Ice Form          |       |       |       |    18 ||    18
Invok: Curse Item        |       |       |       |     1 ||     1
 Abil: End Transformatio |       |       |     1 |       ||     1
  Use: Scroll            |       |       |    10 |     9 ||    19
       Potion            |       |       |     1 |     1 ||     2
 Stab: Sleeping          |     9 |    16 |     9 |     2 ||    36
       Distracted        |       |       |     1 |     1 ||     2
Armor: Skin              |     6 |    10 |    37 |    37 ||    90
Dodge: Dodged            |    61 |    58 |   254 |   189 ||   562
Block: Other             |       |    13 |    52 |    57 ||   122
       Reflection        |       |       |     1 |     3 ||     4

Levels and vault maps discovered:
D:1:      dpeg_arrival_oval, layout_loops_ring, serial_shops,
          nicolae_shop_stone, hellmonk_ecumenical_altar_arch_garden
D:2:      layout_basic, serial_glass, glass_columns_a, glass_columns_a,
          uniq_crazy_yiuf_cottage
D:3:      minmay_door_path, layout_loops_ring,
          nicolae_kikubaaqudgha_miasma_corner, serial_shops, nicolae_shop_stone,
          minmay_vboxes, uniq_natasha
D:4:      layout_gridville, yredelemnul_forgotten_temple_becter,
          trog_butcher_becter, chequers_avenue, uniq_edmund, uniq_robin
D:5:      layout_basic, old_standard_altar, nicolae_overflow_squiral,
          gammafunk_ghost_grave, enter_ossuary_4, kennysheep_windowed_goal,
          uniq_blork_the_orc
D:6:      layout_gridville, mainiacjoe_overflow_cross_hatched,
          old_standard_altar, general_overflow_altar, serial_shops, shop,
          kennysheep_mini_moat, nicolae_lakefront_shop, shop, chequers_big_river
D:7:      layout_loops_cross, minmay_temple_entry_glassed_door
D:8:      layout_loops_ring, dpeg_lair_monsters, uniq_gastronok
D:9:      layout_stronghold, overflow_temple_1_default,
          nzn_wu_jian_council_hall, grunt_ashenzari_visionary
          [grunt_ashenzari_visionary_swamp, grunt_ashenzari_visionary_spider],
          orc_0_dummy
Temple:   corrupted_temple
Orc:1:    layout_diamond_mine
Orc:2:    st_orc_town, layout_diamond_mine, nicolae_volcano_entry_s_turn,
          nicolae_orc_bridge_out

Notes
Turn   | Place    | Note
-------+----------+-------------------------------------------
     0 | D:1      | zeratav the Octopode Transmuter began the quest for the
                  | Orb.
     0 | D:1      | Reached XP level 1. HP: 13/13 MP: 3/3
     0 | D:1      | magus.rc [v1.9.6]
    70 | D:1      | You pick up a book of the Wilderness and begin reading...
    70 | D:1      | You add the spells Summon Forest, Summon Mana Viper and
                  | Summon Cactus Giant to your library.
   347 | D:1      | Reached XP level 2. HP: 10/18 MP: 5/5
   512 | D:1      | Reached skill level 1 in Stealth
   759 | D:1      | Found Cubb's Magic Scroll Shoppe.
   837 | D:1      | Found a faded altar of an unknown god.
   851 | D:1      | Reached XP level 3. HP: 7/23 MP: 6/6
  1783 | D:2      | Found a runed translucent door.
  1784 | D:2      | Noticed Crazy Yiuf
  1913 | D:2      | Reached skill level 2 in Stealth
  2403 | D:2      | Reached XP level 4. HP: 24/29 MP: 7/7
  2942 | D:3      | You pick up a book of Cantrips and begin reading...
  2942 | D:3      | You add the spells Animate Skeleton, Summon Small Mammal
                  | and Apportation to your library.
  3233 | D:3      | Learned a level 3 spell: Spider Form
  3267 | D:3      | Reached skill level 2 in Fighting
  3267 | D:3      | Reached skill level 4 in Unarmed Combat
  3480 | D:3      | Found Qogaelow's Antique Armour Boutique.
  3550 | D:3      | Noticed Natasha
  3555 | D:3      | Killed Natasha
  3556 | D:3      | Reached XP level 5. HP: 34/34 MP: 6/8
  3564 | D:3      | Killed Natasha
  3730 | D:3      | Reached skill level 3 in Stealth
  3733 | D:3      | Found an ancient bone altar of Kikubaaqudgha.
  3740 | D:3      | Reached skill level 3 in Dodging
  3939 | D:3      | Noticed Natasha
  3950 | D:3      | Killed Natasha
  4947 | D:4      | Noticed Robin
  4957 | D:4      | Killed Robin
  4958 | D:4      | Reached XP level 6. HP: 30/41 MP: 9/9
  5207 | D:4      | Found a bloodstained altar of Trog.
  5545 | D:4      | Noticed Edmund
  5564 | D:4      | Killed Edmund
  5565 | D:4      | Reached skill level 3 in Fighting
  5565 | D:4      | Reached skill level 4 in Stealth
  5565 | D:4      | Reached skill level 5 in Unarmed Combat
  5736 | D:4      | You pick up a book of Maledictions and begin reading...
  5736 | D:4      | You add the spells Tukima's Dance, Anguish and Enfeeble to
                  | your library.
  5830 | D:4      | Found a basalt altar of Yredelemnul.
  5981 | D:5      | Entered Level 5 of the Dungeon
  5996 | D:5      | Reached XP level 7. HP: 46/46 MP: 6/10
  6051 | D:5      | Found a runed translucent door.
  6055 | D:5      | Noticed AverageBear's ghost (amateur DDFi)
  6171 | D:5      | Noticed Blork the orc
  6179 | D:5      | Killed Blork the orc
  6185 | D:5      | Found a sand-covered staircase.
  6197 | Ossuary  | Entered an ossuary
  6328 | Ossuary  | Reached skill level 4 in Dodging
  6496 | Ossuary  | Reached skill level 5 in Stealth
  6526 | Ossuary  | Reached skill level 6 in Unarmed Combat
  6968 | D:5      | Reached XP level 8. HP: 50/54 MP: 8/11
  6975 | D:5      | Reached skill level 1 in Ice Magic
  7023 | D:5      | Reached skill level 4 in Fighting
  7215 | D:5      | Found a sparkling altar of Nemelex Xobeh.
  7217 | D:5      | Found a hazy altar of Hepliaklqana.
  7715 | D:5      | Found a shadowy altar of Dithmenos.
  8068 | D:6      | Found Zitylesch's Jewellery Shop.
  8188 | D:6      | Found a radiant altar of Vehumet.
  8349 | D:6      | Reached skill level 3 in Transmutations
  8516 | D:6      | Reached skill level 2 in Ice Magic
  8660 | D:6      | Found a sacrificial altar of Ru.
  8689 | D:6      | Reached skill level 7 in Unarmed Combat
  8692 | D:6      | Found Geufudif's Jewellery Boutique.
  8722 | D:6      | Found an iron altar of Okawaru.
  8965 | D:6      | Found Tizavvow's General Store.
  9097 | D:7      | Noticed a wyvern
  9119 | D:7      | Killed a wyvern
  9120 | D:7      | Reached skill level 5 in Dodging
  9370 | D:7      | Reached XP level 9. HP: 60/60 MP: 8/12
  9444 | D:7      | HP: 10/60 [steam dragon/ball of steam (14)]
  9953 | D:7      | Learned a level 4 spell: Ice Form
 10098 | D:7      | Reached skill level 5 in Fighting
 10098 | D:7      | Reached skill level 3 in Ice Magic
 10219 | D:7      | Found a staircase to the Ecumenical Temple.
 10232 | Temple   | Entered the Ecumenical Temple
 10346 | D:7      | Reached skill level 4 in Transmutations
 10428 | D:8      | Reached skill level 8 in Unarmed Combat
 10431 | D:8      | HP: 15/61 [poisoned by a killer bee]
 10436 | D:8      | HP: 9/61 [poisoned by a killer bee]
 11336 | D:8      | Noticed a two-headed ogre
 11989 | D:8      | Noticed a death yak
 12053 | D:8      | Noticed Gastronok
 12122 | D:8      | Reached skill level 4 in Ice Magic
 12137 | D:8      | Reached skill level 6 in Dodging
 12553 | D:8      | Reached XP level 10. HP: 68/68 MP: 6/13
 12638 | D:8      | Noticed a death yak
 12671 | D:7      | HP: 10/68 [death yak (17)]
 12692 | D:7      | Killed a death yak
 12693 | D:7      | Reached skill level 6 in Fighting
 12693 | D:7      | Reached skill level 9 in Unarmed Combat
 12693 | D:7      | Reached skill level 5 in Transmutations
 13063 | D:8      | Noticed a death yak
 13136 | D:7      | Killed a death yak
 13472 | D:7      | Killed a death yak
 13473 | D:7      | Reached skill level 5 in Ice Magic
 13577 | D:8      | Found a staircase to the Lair.
 13706 | D:8      | Killed a two-headed ogre
 13863 | D:6      | Bought the ring of Shadows {Umbra +Inv Stlth+} for 480 gold
                  | pieces
 13863 | D:6      | Found the ring of Shadows {Umbra +Inv Stlth+}
 14389 | D:9      | Noticed a two-headed ogre
 14402 | D:9      | Killed a two-headed ogre
 14403 | D:9      | Reached skill level 7 in Dodging
 14403 | D:9      | Reached skill level 10 in Unarmed Combat
 14403 | D:9      | Reached skill level 6 in Transmutations
 14425 | D:9      | Identified a scroll of acquirement
 14425 | D:9      | Acquired 679 gold pieces
 14576 | D:6      | Bought the ring "Gitat" {rF+ Will+} for 546 gold pieces
 14820 | D:9      | Found a broken altar of Ashenzari.
 14824 | D:9      | Saw a vision of the Swamp and the Spider Nest.
 14828 | D:9      | Became a worshipper of Ashenzari the Shackled
 14977 | D:9      | Reached XP level 11. HP: 25/74 MP: 12/14
 14978 | D:9      | HP: 18/74 [poisoned by a killer bee]
 15412 | D:9      | Reached skill level 1 in Evocations
 15562 | D:9      | Found a staircase to the Orcish Mines.
 15656 | D:9      | Found a stormy altar of Qazlal.
 16161 | D:9      | Found an ornate altar of the Wu Jian Council.
 16291 | Orc:1    | Entered Level 1 of the Orcish Mines
 16376 | Orc:1    | Reached skill level 7 in Fighting
 16920 | Orc:1    | Reached skill level 2 in Evocations
 17158 | Orc:2    | Entered Level 2 of the Orcish Mines
 17176 | Orc:2    | Found a staircase to the Elven Halls.
 17399 | Orc:2    | Reached skill level 1 in Shields
 17431 | Orc:2    | Noticed an orc high priest
 17444 | Orc:2    | Killed an orc high priest
 17445 | Orc:2    | Reached skill level 6 in Stealth
 17858 | Orc:2    | Noticed an orc high priest
 17882 | Orc:2    | Found Ynoo's Book Emporium.
 17882 | Orc:2    | Found Jitoelie's General Store.
 17882 | Orc:2    | Noticed an orc high priest
 17882 | Orc:2    | Noticed an orc high priest
 18019 | Orc:2    | Noticed an orc high priest
 18019 | Orc:2    | Noticed an orc high priest
 18033 | Orc:2    | Killed an orc high priest
 18034 | Orc:2    | Reached skill level 6 in Ice Magic
 18034 | Orc:2    | Reached skill level 3 in Evocations
 18085 | Orc:2    | HP: 21/91 [barbs]
 18092 | Orc:2    | HP: 10/91 [orc high priest/nerve-wracking pain (13)]
 18109 | Orc:2    | HP: 3/91 [orc high priest/divine providence (11)]
 18110 | Orc:2    | Killed from afar by an orc high priest

Vanquished Creatures
  3 death yaks (D:7)
  2 two-headed ogres
  2 orc high priests (Orc:2)
  2 trolls
  A wyvern (D:7)
  A wraith (D:7)
  A steam dragon (D:7)
  4 wargs
  Edmund (D:4)
  9 orc warriors
  2 ice beasts
  2 sky beasts
  3 ogres
  A phantom (D:6)
  Blork the orc (D:5)
  2 kobold brigands
  2 bullfrogs (D:7)
  2 gnoll sergeants (D:7)
  2 scorpions
  3 water moccasin zombies (Ossuary)
  10 killer bees
  3 wights (D:8)
  5 howler monkeys (D:9)
  An electric eel (D:6)
  A jelly (D:6)
  A centaur zombie (D:9)
  A bullfrog skeleton (D:5)
  2 centaur skeletons
  5 hounds
  11 orc priests
  A gnoll shaman (D:5)
  Natasha (twice) (D:3)
  6 orc wizards
  A killer bee zombie (D:8)
  2 mummies (Ossuary)
  3 howler monkey zombies
  Robin (D:4)
  14 gnolls
  A river rat (D:8)
  10 adders
  A white imp (D:7)
  An ufetubus (D:5)
  6 adder zombies (Ossuary)
  2 dart slugs
  39 orcs
  5 bats
  7 endoplasms
  A giant cockroach (D:2)
  3 gnoll zombies (Ossuary)
  16 goblins
  14 hobgoblins
  6 jackals
  14 kobolds
  8 quokkas
  9 ball pythons
  3 frilled lizards
  A goblin zombie (D:5)
  2 hobgoblin zombies (Ossuary)
  5 kobold zombies (Ossuary)
  4 orc zombies (Ossuary)
  8 rats
  A rat zombie (D:5)
  A spectral orc (D:4)
284 creatures vanquished.

Vanquished Creatures (others)
  Natasha (D:3)
  An orc wizard (Orc:1)
  5 plants (D:6)
  2 withered plants (D:5)
9 creatures vanquished.

Grand Total: 293 creatures vanquished

Table legend:
 A = Non-vault XP
 B = Vault XP
 C = Vault XP percentage of total XP
 D = Non-vault monster count
 E = Vault monster count
 F = Vault count percentage of total count
                 A         B        C        D         E       F
            +---------+---------+-------+---------+---------+-------
      Total |    8678 |    5503 |  38.8 |     202 |      83 |  29.1
            +---------+---------+-------+---------+---------+-------
        D:1 |      53 |       0 |   0.0 |      31 |       0 |   0.0
        D:2 |      29 |       0 |   0.0 |      16 |       0 |   0.0
        D:3 |     144 |      47 |  24.6 |      16 |       7 |  30.4
        D:4 |     103 |     216 |  67.7 |      13 |      18 |  58.1
        D:5 |     467 |     115 |  19.8 |      18 |       4 |  18.2
        D:6 |     602 |       0 |   0.0 |      10 |       0 |   0.0
        D:7 |    1676 |    2445 |  59.3 |      28 |       3 |   9.7
        D:8 |    1969 |      19 |   1.0 |      21 |       4 |  16.0
        D:9 |    1730 |       0 |   0.0 |      23 |       0 |   0.0
      Orc:1 |    1312 |       0 |   0.0 |      19 |       0 |   0.0
      Orc:2 |     593 |    2344 |  79.8 |       7 |      22 |  75.9
    Ossuary |       0 |     317 | 100.0 |       0 |      25 | 100.0
            +---------+---------+-------+---------+---------+-------

Illustrated notes

Table legend:
 A = Kills in this place as a percentage of kills in entire the game.
 B = Kills by you in this place as a percentage of kills by you in the entire game.
 C = Kills by friends in this place as a percentage of kills by friends in the entire game.
 D = Other kills in this place as a percentage of other kills in the entire game.
 E = Experience gained in this place as a percentage of experience gained in the entire game.
 F = Experience gained in this place divided by the number of levels of this place that you have seen.
                   A       B       C       D       E      F
               +-------+-------+-------+-------+-------+----------------------
         Total | 100.0 | 100.0 |   N/A | 100.0 | 100.0 | 1090.8
       Dungeon |  74.4 |  74.6 |   N/A |   0.0 |  67.8 | 1068.3
  Orcish Mines |  16.8 |  16.5 |   N/A | 100.0 |  30.0 | 2124.5
       Ossuary |   8.8 |   8.8 |   N/A |   0.0 |   2.2 | 317.0
               +-------+-------+-------+-------+-------+----------------------

Table legend: (Time is in decaauts)
 A = Elapsed time spent in this place.
 B = Non-inter-level travel time spent in this place.
 C = Inter-level travel time spent in this place.
 D = Time resting spent in this place.
 E = Time spent auto-exploring this place.
 F = Levels seen in this place.
 G = Mean time per level.
                   A        B        C        D        E       F      G
               +--------+--------+--------+--------+--------+-----+--------+
         Total |  18047 |  15630 |   2417 |   5802 |   3973 |  13 | 1388.2 |
       Dungeon |  15560 |  13186 |   2374 |   4686 |   3740 |   9 | 1728.9 |
        Temple |     38 |     26 |     12 |      0 |     20 |   1 |   38.0 |
  Orcish Mines |   1793 |   1762 |     31 |    675 |    213 |   2 |  896.5 |
       Ossuary |    654 |    654 |      0 |    441 |      0 |   1 |  654.0 |
               +--------+--------+--------+--------+--------+-----+--------+

Top non-repeatable levels by time:
     D:7: 3025 daAuts
     D:8: 1968 daAuts
     D:3: 1806 daAuts
     D:6: 1761 daAuts
     D:1: 1634 daAuts
     D:9: 1562 daAuts
     D:2: 1283 daAuts
     D:4: 1259 daAuts
     D:5: 1258 daAuts
   Orc:2: 935 daAuts
   Orc:1: 858 daAuts
 Ossuary: 654 daAuts
  Temple: 38 daAuts
